 Dungeon Crawl Stone Soup version 0.30-a0-779-g7971cf19c3 (webtiles) character file.

Game seed: 15356694627325640769

560 jt the Trooper (level 7, -2/55 HPs)
             Began as a Mummy Fighter on Feb 17, 2023.
             Killed by divine providence
             ... invoked by an orc priest
              (12 damage)
             ... on level 4 of the Dungeon.
             The game lasted 00:08:13 (3212 turns).

jt the Trooper (Mummy Fighter)                      Turns: 3212, Time: 00:08:14

Health: -2/55      AC:  9    Str: 19    XL:     7   Next: 9%
Magic:  7/7        EV: 10    Int: 10    God:
Gold:   95         SH:  7    Dex: 15    Spells: 4/6 levels left

rFire   x x .      SeeInvis .    o - +1 whip (elec)
rCold   + . .      Faith    +    m - +2 buckler
rNeg    + + +      Spirit   .    x - +0 ring mail of Gumyr {rF- rN+ Dex+4}
rPois   ∞          Reflect  .    d - +0 helmet
rElec   .          Harm     .    (no cloak)
rCorr   .          Rampage  .    r - +1 pair of gloves
Will    .....                    s - +0 pair of boots
Stlth   +                        (no amulet)
HPRegen 0.29/turn                (no ring)
MPRegen 0.10/turn                (no ring)

@: no status effects
A: cold resistance 1, negative energy resistance 3, torment resistance 2, heat
vulnerability 1, in touch with death 1, no potions, faith
a: no special abilities


You were on level 4 of the Dungeon.
You visited 1 branch of the dungeon, and saw 4 of its levels.

You collected 95 gold pieces.

Inventory:

Hand Weapons
 a - a +0 war axe
 f - a +2 mace of protection
 o - a +1 whip of electrocution (weapon)
 t - a +0 vampiric hand axe
 u - the +2 sling of the Crypt {flame, rElec rN+++ rCorr Dex-3}
   (You found it on level 2 of the Dungeon)

   Dex:       It affects your dexterity (-3).
   rElec:     It insulates you from electricity.
   rN:        It renders you almost immune to negative energy.
   rCorr:     It protects you from acid and corrosion.
 v - a +0 hammer of draining
 y - a +2 halberd of flaming
Missiles
 g - 34 stones (quivered)
 i - a throwing net
 n - 17 poisoned darts
 w - 4 javelins
 z - a boomerang
Armour
 b - a +0 scale mail
 d - a +0 helmet (worn)
 h - a +1 robe of willpower
 m - a +2 buckler (worn)
 r - a +1 pair of gloves (worn)
 s - a +0 pair of boots (worn)
 x - the +0 ring mail of Gumyr (worn) {rF- rN+ Dex+4}
   (You found it on level 3 of the Dungeon)

   Dex:       It affects your dexterity (+4).
   rF:        It makes you vulnerable to fire.
   rN:        It protects you from negative energy.
 A - a +0 chain mail
Magical Staves
 p - a staff of fire
Wands
 k - a wand of flame (7)
Scrolls
 c - 2 scrolls of enchant weapon
 e - a scroll of amnesia
 j - 3 scrolls of teleportation
 l - a scroll of blinking
 q - a scroll of immolation


   Skills:
 + Level 4.7 Fighting
 * Level 4.5 Axes
 + Level 1.2 Throwing
 - Level 2.4 Armour
 + Level 3.8 Shields


You had 4 spell levels left.
You knew the following spells:

 Your Spells              Type           Power      Damage    Failure   Level
a - Blink                 Tloc           0%         N/A       77%         2

Your spell library contained the following spells:

 Spells                   Type           Power      Damage    Failure   Level
 Lesser Beckoning         Tloc           0%         N/A       77%         2
 Momentum Strike          Conj/Tloc      0%         3d8       77%         2


Dungeon Overview and Level Annotations

Branches:
Dungeon (4/15)             Temple (0/1) D:4

Altars:
Dithmenos
Okawaru

Shops:
D:4 !

Annotations:
D:3 1 runed translucent door, Crazy Yiuf


Innate Abilities, Weirdness & Mutations

You are immune to poison.
Your flesh is cold resistant. (rC+)
You are immune to negative energy. (rN+++)
You are immune to unholy pain and torment.
You are vulnerable to heat. (rF-)
You are in touch with the powers of death.
You do not drink.
You have a special connection with the divine. (Faith)


Message History

You hit the orc priest but do no damage.
The orc priest is moderately wounded.
The orc priest miscasts a cantrip.
The orc priest begins to cast a cantrip, but forgets the words!
You hit the orc priest but do no damage.
The orc priest is moderately wounded.
The orc priest completely misses you.
Press: ? - help, v - describe, . - travel
Here: an orc priest, wielding a +2 flail of protection and wearing a +0 leather armour (moderately wounded)
The floor.
You hear the crackle of electricity.
o - a +1 whip of electrocution (weapon)
You closely miss the orc priest.
The orc priest is moderately wounded.
The orc priest looks braver for a moment.
You hit the orc priest.
The orc priest is heavily wounded.
The orc priest looks satisfied for a moment.
You barely miss the orc priest.
The orc priest is heavily wounded.
The orc priest hits you with a +2 flail of protection.
* * * LOW HITPOINT WARNING * * *
You hit the orc priest but do no damage.
The orc priest is heavily wounded.
The orc priest hits you with a +2 flail of protection.
* * * LOW HITPOINT WARNING * * *
You hit the orc priest but do no damage.
The orc priest is heavily wounded.
You block the orc priest's attack.
Sorry, you're not good enough to have a special ability.
Unknown command.
Okay, then.
You barely miss the orc priest.
The orc priest is heavily wounded.
The orc priest miscasts a cantrip.
You hit the orc priest.
The orc priest is severely wounded.
The orc priest invokes the aid of Beogh against you.
Beogh smites you!
You die...

#...#... #...#... ##
####......
.#####...<.....
...##....[.....
...............
##....##........#
####.........##.....
#>o@.....#... #.#...
####.....##.. ......
#.......###.. ##.#..
#........... .#..
##...........
#....#...#...
#........# ..
##......## .
###...###


You could see an orc priest.

Vanquished Creatures
  A necrophage (D:4)
  A scorpion (D:4)
  An orc priest (D:4)
  Jessica (D:3)
  Ijyb (D:3)
  Natasha (D:2)
  3 orc wizards (D:4)
  Robin (D:2)
  7 adders
  8 gnolls (D:3)
  3 worms
  A dart slug (D:1)
  7 orcs (D:4)
  7 ball pythons
  5 endoplasms
  2 giant cockroaches
  10 goblins
  11 hobgoblins
  10 jackals
  2 quokkas
  9 bats
  3 frilled lizards (D:2)
  6 kobolds
  2 rats
103 creatures vanquished.

Vanquished Creatures (others)
  A plant (D:3)
1 creature vanquished.

Grand Total: 104 creatures vanquished

Notes
Turn   | Place    | Note
-------+----------+-------------------------------------------
     0 | D:1      | jt the Mummy Fighter began the quest for the Orb.
     0 | D:1      | Reached XP level 1. HP: 18/18 MP: 1/1
   262 | D:1      | Reached XP level 2. HP: 24/24 MP: 2/2
   555 | D:1      | Gained mutation: You are in touch with the powers of death.
                  | [Mummy growth]
   555 | D:1      | Reached XP level 3. HP: 29/29 MP: 3/3
   881 | D:2      | Reached XP level 4. HP: 27/35 MP: 4/4
  1105 | D:2      | Noticed Natasha
  1133 | D:2      | Killed Natasha
  1174 | D:2      | Identified the +2 sling of the Crypt {flame, rElec rN+++
                  | rCorr Dex-3}
  1311 | D:3      | Noticed Robin
  1332 | D:2      | Killed Robin
  1365 | D:3      | Noticed Ijyb
  1398 | D:3      | Reached XP level 5. HP: 40/42 MP: 5/5
  1417 | D:3      | Killed Ijyb
  1606 | D:3      | Found a runed translucent door.
  1607 | D:3      | Noticed Crazy Yiuf
  1692 | D:3      | Noticed Jessica
  1711 | D:3      | Killed Jessica
  1715 | D:3      | Found an iron altar of Okawaru.
  1832 | D:3      | Identified the +0 ring mail of Gumyr {rF- rN+ Dex+4}
  1943 | D:3      | Reached XP level 6. HP: 23/48 MP: 6/6
  2417 | D:4      | Learned a level 2 spell: Blink
  2813 | D:4      | Reached skill level 1 in Throwing
  2900 | D:4      | Reached XP level 7. HP: 49/55 MP: 7/7
  2911 | D:4      | Found a shadowy altar of Dithmenos.
  3068 | D:4      | Found Owuurhae's Distillery.
  3187 | D:4      | Found a staircase to the Ecumenical Temple.
  3212 | D:4      | Killed from afar by an orc priest

Illustrated notes

Levels and vault maps discovered:
D:1:      evilmike_arrival_plus, layout_basic
D:2:      layout_loops_ring, basic_altar, minmay_tetromino_i4, uniq_natasha
D:3:      layout_rooms, mainiacjoe_overflow_tiny_flanked, uniq_ijyb,
          uniq_crazy_yiuf_cottage, uniq_jessica, uniq_robin
D:4:      layout_cave_pools, mainiacjoe_overflow_brackets,
          minmay_temple_entry_proselytizer, serial_shops,
          nicolae_shop_hallway_plus

Skill      XL: |  1  2  3  4  5  6 |
---------------+-------------------+-----
Axes           | 2 3 4 |  4.5
Shields        | 3 |  3.8
Fighting       | 4 |  4.7
Throwing       | 1 |  1.2
Armour         | |  2.4

Action                     |  1- 3 |  4- 6 |  7- 9 || total
---------------------------+-------+-------+-------++-------
  Melee: War axe           |   107 |   176 |    31 ||   314
         Whip              |       |    26 |     7 ||    33
   Fire: Sling             |       |     3 |       ||     3
  Throw: Javelin           |       |     4 |       ||     4
         Stone             |       |     6 |       ||     6
         Dart              |       |    10 |       ||    10
  Evoke: Wand              |       |     2 |     1 ||     3
    Use: Scroll            |     3 |     8 |       ||    11
 Armour: Scale mail        |    57 |    90 |       ||   147
         Ring mail         |       |       |    10 ||    10
  Dodge: Dodged            |    59 |    82 |    13 ||   154
  Block: Buckler           |    27 |    73 |     5 ||   105

Table legend: (Time is in decaauts)
 A = Elapsed time spent in this place.
 B = Non-inter-level travel time spent in this place.
 C = Inter-level travel time spent in this place.
 D = Time resting spent in this place.
 E = Time spent auto-exploring this place.
 F = Levels seen in this place.
 G = Mean time per level.
                   A        B        C        D        E       F      G
               +--------+--------+--------+--------+--------+-----+--------+
         Total |   3336 |   3197 |    139 |    570 |   1352 |   4 |  834.0 |
       Dungeon |   3336 |   3197 |    139 |    570 |   1352 |   4 |  834.0 |
               +--------+--------+--------+--------+--------+-----+--------+

Top non-repeatable levels by time:
     D:3: 1030 daAuts
     D:2: 942 daAuts
     D:4: 709 daAuts
     D:1: 654 daAuts
